AoeStats
← 文風

Black Forest

509624932Analyzed
4v4 RM · 4d ago on Sep 27, 2026· 49m 59s· 8 players
Game mode
Random Map
Map size
Large (8 player)
Population
200
Speed
Normal
Resources
Standard
Victory
Conquest
Starting age
Dark Age
Ending age
Imperial Age
RankedLock teamsTeams togetherTeam positionsShared explorationLock speedFull tech treeHidden civsTurbo modeCheats
Victory
Defeat
🇨🇳 Bohemians · China
1425
+14
🇦🇷 Khmer · Argentina
1399
+15
🇨🇳 Mongols · China
1394
+15
🇫🇷 Persians · France
1354
+17
🇦🇹 Slavs · Austria
1432
-17
🇭🇰 Turks · Hong Kong SAR China
1410
-17
🇭🇰 Teutons · Hong Kong SAR China
1394
-16
🇦🇹 Goths · Austria
1282
-11
帅气的孔
2:08 Loom
12:08 Feudal Age
15:00 Castle Age
12:54 Double-Bit Axe
14:05 Horse Collar
14:37 Gold Mining
14:39 Stone Mining
24:13 Wheelbarrow
24:29 Bow Saw
24:27 Gold Mining
24:48 Heavy Plow
25:51 Gold Shaft Mining
25:51 Stone Shaft Mining
26:29 Hand Cart
26:00 Town Watch
30:06 Imperial Age
28:28 Tusk Swords
30:06 Caravan
30:50 Stone Shaft Mining
30:30 Bloodlines
30:21 Husbandry
30:07 Elite Battle Elephant
32:34 Conscription
32:39 Forging
32:34 Scale Barding Armor
34:02 Coinage
34:11 Iron Casting
33:43 Scale Barding Armor
34:38 Crop Rotation
35:06 Banking
37:01 Chain Barding Armor
40:29 Hoardings
42:51 Plate Barding Armor
43:16 Blast Furnace
42:17 Padded Archer Armor
42:08 Fletching
44:26 Masonry
44:21 Siege Engineers
44:27 Fortified Wall
44:01 Light Cavalry
46:33 Bodkin Arrow
49:58 Bracer
很蓝的啦
9:25 Feudal Age
10:16 Double-Bit Axe
13:10 Castle Age
11:27 Horse Collar
14:16 Bow Saw
19:33 Loom
19:33 Town Watch
20:26 Stone Mining
21:14 Gold Mining
23:08 Stone Shaft Mining
24:10 Gold Shaft Mining
24:45 Wheelbarrow
29:33 Imperial Age
27:19 Hand Cart
27:45 Ballistics
27:36 Masonry
27:17 Fletching
27:27 Padded Archer Armor
27:53 Caravan
28:23 Coinage
28:00 Bodkin Arrow
28:11 Scale Barding Armor
28:16 Forging
28:25 Forging
29:17 Leather Archer Armor
29:22 Chain Barding Armor
30:12 Iron Casting
30:15 Nomads
30:24 Bracer
30:48 Conscription
30:39 Thumb Ring
31:00 Parthian Tactics
30:47 Bloodlines
30:38 Husbandry
31:09 Husbandry
30:31 Light Cavalry
32:36 Chemistry
31:52 Town Patrol
32:16 Elite Mangudai
35:40 Onager
40:27 Drill
40:12 Capped Ram
40:46 Siege Onager
43:29 Siege Ram
小心,有诈。
0:27 Loom
11:28 Feudal Age
12:25 Double-Bit Axe
15:16 Castle Age
13:56 Horse Collar
23:27 Wheelbarrow
25:17 Bow Saw
28:35 Imperial Age
26:11 Padded Archer Armor
27:28 Chemistry
28:06 Leather Archer Armor
28:34 Hand Cart
30:00 Ring Archer Armor
29:48 Elite Skirmisher
30:21 Fletching
30:33 Pikeman
31:06 Elite Skirmisher
31:50 Squires
31:14 Halberdier
33:44 Bodkin Arrow
35:37 Bracer
40:03 Scale Mail Armor
40:14 Forging
40:51 Squires
41:08 Chain Mail Armor
44:56 Hand Cart
44:46 Heavy Plow
45:50 Two-Man Saw
46:54 Plate Mail Armor
48:04 Town Watch
48:56 Iron Casting
ani
3:27 Loom
11:25 Feudal Age
15:33 Castle Age
13:48 Horse Collar
14:25 Double-Bit Axe
16:15 Heavy Plow
16:29 Bow Saw
20:33 Wheelbarrow
21:22 Town Watch
21:59 Hand Cart
23:51 Gold Mining
24:39 Stone Mining
28:42 Imperial Age
26:18 Scale Barding Armor
28:19 Bloodlines
28:10 Husbandry
28:32 Chain Barding Armor
28:22 Forging
29:00 Gold Shaft Mining
30:06 Chemistry
29:15 Cavalier
29:49 Fletching
31:41 Plate Barding Armor
32:53 Two-Man Saw
32:37 Iron Casting
32:50 Bodkin Arrow
32:56 Murder Holes
33:12 Masonry
36:03 Guilds
35:54 Caravan
36:58 Conscription
37:40 Coinage
38:49 Blast Furnace
38:11 Ballistics
38:25 Crop Rotation
37:59 Savar
39:07 Citadels
38:20 Light Cavalry
41:24 Banking
40:24 Hussar
46:53 Architecture
47:01 Hoardings
49:54 Hoardings
文風
11:59 Feudal Age
12:40 Double-Bit Axe
15:30 Castle Age
13:51 Horse Collar
16:40 Bow Saw
17:08 Heavy Plow
22:07 Wheelbarrow
23:39 Bloodlines
23:46 Scale Barding Armor
25:14 Gold Mining
26:53 Chain Barding Armor
26:44 Forging
31:39 Iron Casting
31:24 Caravan
35:09 Imperial Age
34:18 Hand Cart
35:28 Cavalier
37:12 Plate Barding Armor
37:38 Blast Furnace
36:58 Paladin
43:56 Conscription
48:15 Squires
47:43 Pikeman
PowerP
3:02 Loom
13:15 Feudal Age
16:45 Castle Age
14:44 Double-Bit Axe
14:43 Horse Collar
17:29 Town Watch
17:47 Heavy Plow
18:02 Bow Saw
22:45 Wheelbarrow
25:19 Hand Cart
25:46 Scale Barding Armor
25:52 Forging
26:45 Gold Mining
30:41 Imperial Age
28:15 Husbandry
28:31 Bloodlines
30:01 Chain Barding Armor
30:16 Iron Casting
29:29 Pikeman
30:10 Squires
31:17 Detinets
31:59 Conscription
31:08 Elite Boyar
32:10 Conscription
32:59 Plate Barding Armor
33:25 Blast Furnace
33:18 Gold Shaft Mining
32:35 Stone Mining
32:15 Capped Ram
34:04 Siege Ram
40:11 Caravan
40:56 Halberdier
42:03 Druzhina
42:31 Scale Mail Armor
43:32 Chain Mail Armor
46:28 Plate Mail Armor
46:57 Fletching
BadStani
10:55 Loom
13:00 Feudal Age
18:04 Castle Age
16:16 Horse Collar
16:24 Double-Bit Axe
16:37 Gold Mining
17:27 Scale Mail Armor
18:35 Forging
19:53 Heavy Plow
24:57 Wheelbarrow
24:11 Town Watch
24:56 Chain Mail Armor
25:08 Stone Mining
25:38 Bow Saw
25:44 Fletching
27:29 Anarchy
29:23 Iron Casting
29:45 Hand Cart
29:57 Padded Archer Armor
30:03 Squires
30:46 Bodkin Arrow
31:10 Leather Archer Armor
30:21 Pikeman
31:42 Caravan
36:00 Imperial Age
36:21 Halberdier
38:47 Blast Furnace
39:37 Perfusion
41:19 Conscription
43:23 Murder Holes
45:53 Bracer
47:08 Two-Man Saw
屌炸天
0:27 Loom
13:18 Feudal Age
17:52 Castle Age
16:14 Double-Bit Axe
19:23 Horse Collar
25:16 Imperial Age
24:16 Gold Mining
27:28 Bow Saw
41:57 Padded Archer Armor
47:28 Heavy Plow
48:32 Scale Barding Armor
48:37 Forging
48:31 Husbandry
48:41 Bloodlines
Connection lost

Rejoining the realm…

Still unreachable

The connection could not be restored.

Session expired

The server has moved on; the page needs a fresh start.